 Dungeon Crawl Stone Soup version 0.31.0-7-gf635a9b802 (webtiles) character file.

Game seed: 6206011532224521978

496 seu1023 the Magician (level 6, 0/34 HPs)
             Began as a Deep Elf Conjurer on Jan 23, 2024.
             Slain by a lemure (7 damage)
             ... led by Pikel
             ... on level 4 of the Dungeon.
             The game lasted 00:27:46 (4268 turns).

seu1023 the Magician (Deep Elf Conjurer)            Turns: 4268, Time: 00:27:47

Health: 0/34       AC:  6    Str:  4    XL:     6   Next: 93%
Magic:  17/17      EV: 13    Int: 25    God:
Gold:   186        SH:  0    Dex: 13    Spells: 15/18 levels left

rFire   . . .        (no weapon)
rCold   . . .        (no shield)
rNeg    . . .        a - +0 robe
rPois   .            (no helmet)
rElec   .            (no cloak)
rCorr   .            (no gloves)
SInv    .            (no boots)
Will    .....        m - amulet of magic regeneration
Stlth   +++          g - +4 ring of protection
HPRegen 0.25/turn    (no ring)
MPRegen 0.55/turn

%: no passive effects
@: no status effects
A: no striking features
a: no special abilities


You were on level 4 of the Dungeon.
You visited 1 branch of the dungeon, and saw 4 of its levels.

You collected 186 gold pieces.

Inventory:

Missiles
 n - 8 boomerangs
Armour
 a - a +0 robe (worn)
Jewellery
 g - a +4 ring of protection (left hand)
 m - an amulet of magic regeneration (around neck)
 p - the ring "Locroph" {Str+3 Int+6}
   (You found it on level 4 of the Dungeon)

   [ring of intelligence]

   Str+3:     It affects your strength (+3).
   Int+6:     It affects your intelligence (+6).
Scrolls
 c - 3 scrolls of identify
 d - a scroll of fear
 e - a scroll of torment {unknown}
 i - 2 scrolls of amnesia {unknown}
 j - a scroll of enchant armour {unknown}
 k - 2 scrolls of vulnerability {unknown}
 o - a scroll of teleportation {unknown}
Potions
 b - a potion of magic
 f - a potion of invisibility {unknown}
 h - a potion of might {unknown}
 l - a potion of resistance {unknown}


   Skills:
 + Level 1.2 Fighting
 * Level 4.1 Dodging
 * Level 4.3 Stealth
 + Level 6.5 Spellcasting
 - Level 6.0 Conjurations


You had 15 spell levels left.
You knew the following spells:

 Your Spells              Type           Power      Damage    Failure   Level
a - Magic Dart            Conj           100%       1d8       1%          1
b - Searing Ray           Conj           76%        2d7       1%          2

Your spell library contained the following spells:

 Spells                   Type           Power      Damage    Failure   Level
 Fulminant Prism          Conj/Alch      11%        3d8       21%         4
 Iskenderun's Mystic Bla  Conj/Tloc      23%        2d6       21%         4
 Malign Gateway           Summ/Tloc      4%         N/A       100%        7
 Summon Horrible Things   Summ           4%         N/A       100%        8


Dungeon Overview and Level Annotations

Branches:
Dungeon (4/15)
 Temple: D:4-7

Altars:
Dithmenos
Okawaru
Wu Jian

Shops:
D:4 (

Annotations:
D:3 2 runed translucent doors, Crazy Yiuf; Dirian's ghost, amateur MiFi
D:4 Pikel


Message History

The scorpion looks frightened!
You feel sick.
You feel sick.
You feel sick.
You feel sick.
You feel sick.
You feel sick.
You are no longer poisoned.
You open the door.
There is an open door here.
There is an open door here.
There is an open door here.
There is an open door here.
There is an open door here.
You open the door.
There is an open door here.
You are too injured to fight recklessly!
You are too injured to fight recklessly!
The lemure hits you but does no damage. The lemure hits you.
* * * LOW HITPOINT WARNING * * *
An adder zombie comes into view.
Pikel shouts!
Pikel says, "You'll make a fine lemure."
Pikel says, "Don't tell anyone, but I think Ereshkigal likes me."
Pikel zaps a wand.
The puff of flame misses you. The lemure hits you.
* * * LOW HITPOINT WARNING * * *
There is an open door here.
You see here 5 stones.
You open the door. The lemure hits you but does no damage.
There is an open door here.
The lemure attacks as it pursues you! The lemure hits you.
* * * LOW HITPOINT WARNING * * *
There is an open door here.
You open the door. The lemure misses you.
There is an open door here.
The lemure attacks as it pursues you! The lemure hits you.
* * * LOW HITPOINT WARNING * * *
The lemure attacks as it pursues you! The lemure hits you!
You die...

#...#'#.#####.#'#...#'#....######
#...#.....#.....#...#.........K..
##+##.....'....K##'##############
#...#.....#.....##.# #
#...#'#.#####.#'#..# #
......#.+...+.#...## #
#...#####...####.## #
'...+.#.......##5# #
#####.#+#...#'##@# ############
#.#.....#...#.##.# #...........
..+.....##'##.)..# #<##########
.##.....#..####### #.#
.####.#'#..# #.#
.##.'.#....####### #†#
..#.####[........# #.# ...##
#########.# #.# ..## #.#


You could see Pikel and a lemure.

Vanquished Creatures
  Sigmund (D:2)
  3 lemures (D:3)
  A bombardier beetle (D:4)
  3 iguanas
  Natasha (thrice) (D:4)
  3 gnolls (D:4)
  4 adders
  2 dart slugs
  A ribbon worm (D:4)
  6 ball pythons
  9 endoplasms
  5 goblins
  8 hobgoblins
  6 jackals (D:1)
  3 quokkas
  4 bats
  3 frilled lizards
  5 kobolds
  4 rats
74 creatures vanquished.

Notes
Turn   | Place    | Note
-------+----------+-------------------------------------------
     0 | D:1      | seu1023 the Deep Elf Conjurer began the quest for the Orb.
     0 | D:1      | Reached XP level 1. HP: 10/10 MP: 6/6
   148 | D:1      | Reached XP level 2. HP: 10/15 MP: 0/9
   758 | D:1      | Found a faded altar of an unknown god.
  1098 | D:2      | Noticed Sigmund
  1172 | D:2      | Reached XP level 3. HP: 19/19 MP: 8/11
  1179 | D:2      | Reached skill level 5 in Spellcasting
  1951 | D:3      | Reached XP level 4. HP: 24/24 MP: 10/14
  2326 | D:3      | Found an ornate altar of the Wu Jian Council.
  2404 | D:3      | Noticed Dirian's ghost (amateur MiFi)
  2405 | D:3      | Found a runed translucent door.
  2440 | D:3      | Learned a level 2 spell: Searing Ray
  2509 | D:3      | Reached skill level 5 in Conjurations
  2692 | D:3      | Found a runed translucent door.
  2693 | D:3      | Noticed Crazy Yiuf
  2819 | D:3      | Found an iron altar of Okawaru.
  2945 | D:4      | Noticed Pikel
  2945 | D:4      | Noticed a lemure
  2945 | D:4      | Noticed a lemure
  2945 | D:4      | Noticed a lemure
  2945 | D:4      | Found Kixixaim's Weapon Emporium.
  2954 | D:3      | HP: 1/24 [lemure[Pikel] (7)]
  3148 | D:2      | Killed Sigmund
  3149 | D:2      | Reached XP level 5. HP: 17/28 MP: 10/15
  3149 | D:2      | Reached XP level 6. HP: 21/33 MP: 11/17
  3723 | D:4      | Noticed Natasha
  3728 | D:4      | Killed Natasha
  3990 | D:4      | Reached skill level 1 in Fighting
  4033 | D:4      | Found a shadowy altar of Dithmenos.
  4051 | D:4      | Identified the ring "Locroph" {Str+3 Int+6}
  4145 | D:4      | Noticed Natasha
  4150 | D:4      | Killed Natasha
  4183 | D:4      | Noticed Natasha
  4186 | D:4      | Killed Natasha
  4268 | D:4      | Slain by a lemure

Illustrated notes

Levels and vault maps discovered:
D:1:      eino_arrival_cavern_c, layout_basic, ebering_ecumenical_altar_box
D:2:      layout_rooms, minmay_pentomino_q4, uniq_sigmund
D:3:      layout_loops_corners, lemuel_doored_altar,
          nicolae_overflow_crystal_walls, hellmonk_ghost_happy_afterlife,
          serial_bayou_ford_a, uniq_crazy_yiuf_cottage
D:4:      nicolae_cairo_tiling_large, layout_loops_ring,
          nicolae_dithmenos_shadow_blocks, nicolae_yredelemnul_corpse_copse,
          serial_shops, nicolae_shop_bloodbath_and_beyond, shop, uniq_pikel,
          uniq_natasha

Skill      XL: |  1  2  3  4  5  6 |
---------------+-------------------+-----
Spellcasting   | 4 6 |  6.5
Conjurations   | 6 |  6.0
Dodging        | 3 4 |  4.1
Stealth        | 3 4 |  4.3
Fighting       | 1 |  1.2

Action                     |  1- 3 |  4- 6 || total
---------------------------+-------+-------++-------
  Melee: Unarmed           |     2 |       ||     2
   Cast: Magic Dart        |   101 |   116 ||   217
         Searing Ray       |       |    11 ||    11
    Use: Scroll            |       |     3 ||     3
 Armour: Robe              |    22 |    49 ||    71
  Dodge: Dodged            |    24 |    34 ||    58
